 Dungeon Crawl Stone Soup version 0.17-a0-1504-gb7d9117 (webtiles) character file.

164 vdate the Skirmisher (level 5, -2/37 HPs)
             Began as a High Elf Fighter on July 7, 2015.
             Slain by an ogre
             ... wielding a +0 giant club
              (27 damage)
             ... on level 4 of the Dungeon.
             The game lasted 00:14:36 (2728 turns).

vdate the Skirmisher (High Elf Fighter)             Turns: 2728, Time: 00:14:36

Health: -2/37      AC:  8    Str: 16    XL:     5   Next: 21%
Magic:  6/6        EV:  8    Int: 11    God:
Gold:   128        SH:  9    Dex: 15    Spells: 0 memorised, 4 levels left

rFire  . . .     SeeInvis .     a - +0 long sword
rCold  . . .     Clarity  .     b - +0 scale mail
rNeg   . . .     SustAt   .     c - +0 shield
rPois  .         Gourm    .     (no helmet)
rElec  .         Spirit   .     g - +0 cloak
rCorr  .         Warding  .     (no gloves)
rMut   .         Stasis   .     (no boots)
MR     .....                    (no amulet)
Stlth  ..........               (no ring)
                                (no ring)

@: not resistant to hostile enchantments, extremely unstealthy
A: no striking features
a: no special abilities


You were on level 4 of the Dungeon.
You were not hungry.

You visited 1 branch of the dungeon, and saw 4 of its levels.

You collected 128 gold pieces.

Inventory:

Hand weapons
 a - a +0 long sword (weapon)
 d - a +3 quarterstaff of chaos
Missiles
 v - 22 stones (quivered)
Armour
 b - a +0 scale mail (worn)
 c - a +0 shield (worn)
 g - a +0 cloak (worn)
Magical devices
 t - a wand of polymorph (15)
Scrolls
 f - 3 scrolls of blinking {unknown}
 h - a scroll of random uselessness {unknown}
 k - a scroll of recharging {unknown}
 l - a scroll of identify {unknown}
 m - a scroll of immolation {unknown}
 o - a scroll of enchant armour {unknown}
 q - a scroll of magic mapping {unknown}
 s - a scroll of amnesia {unknown}
Potions
 i - 2 potions of degeneration {unknown}
 p - 2 potions of resistance
Comestibles
 e - 3 bread rations
 j - a meat ration
 n - a chunk of flesh


   Skills:
 + Level 3.7 Fighting
 + Level 3.4 Long Blades
 + Level 3.4 Armour
 + Level 1.8 Dodging
 + Level 0.2 Stealth
 + Level 3.6 Shields


You had 4 spell levels left.
You didn't know any spells.

Dungeon Overview and Level Annotations

Branches:
Dungeon (4/15)
 Temple: D:4-7

Altars:
Makhleb
Sif Muna
The Shining One


Message History

The giant cockroach bites you but does no damage.
You hit the giant cockroach but do no damage.
The giant cockroach is almost dead.
You block the giant cockroach's attack. The giant cockroach closely misses you.
You slash the giant cockroach!
You kill the giant cockroach!
An ogre comes into view. It is wielding a giant club.
The ogre shouts!
An ogre is nearby!
You hit the ogre.
The ogre is lightly wounded.
You block the ogre's attack.
You hit the ogre.
The ogre is moderately wounded.
The ogre hits you with a giant club!
You hit the ogre.
The ogre is heavily wounded.
The ogre hits you with a giant club!!
Ouch! That really hurt!
You die...

# # # ######
.#
#.#.#....##..#
.#.#.#..O...#
....#.@#
#.#.#..#
#.#....#
#.#...#.##
#.....#[#
#####.#.#
#.#.# #.#..
#.###


You could see an ogre.

Vanquished Creatures
  Crazy Yiuf (D:3)
  Ijyb (D:3)
  4 adders
  2 worms (D:2)
  2 giant geckos
  2 orcs (D:3)
  3 bats
  7 giant cockroaches
  9 hobgoblins
  13 jackals
  A giant newt (D:1)
  8 goblins
  5 kobolds
  2 rats
  A fungus (D:3)
61 creatures vanquished.

Vanquished Creatures (others)
  A giant cockroach (D:1)
1 creature vanquished.

Grand Total: 62 creatures vanquished

Notes
Turn   | Place    | Note
--------------------------------------------------------------
     0 | D:1      | vdate the High Elf Fighter began the quest for the Orb.
     0 | D:1      | Reached XP level 1. HP: 16/16 MP: 2/2
   469 | D:1      | Reached XP level 2. HP: 21/21 MP: 3/3
   743 | D:1      | Found a glowing golden altar of the Shining One.
   998 | D:2      | Reached XP level 3. HP: 21/26 MP: 4/4
  1111 | D:2      | Found a deep blue altar of Sif Muna.
  1609 | D:2      | Found a burning altar of Makhleb.
  1668 | D:2      | Reached XP level 4. HP: 21/31 MP: 5/5
  2282 | D:3      | Noticed Crazy Yiuf
  2291 | D:3      | Killed Crazy Yiuf
  2291 | D:3      | Reached skill level 1 in Dodging
  2523 | D:3      | Noticed Ijyb
  2542 | D:3      | Killed Ijyb
  2542 | D:3      | Reached XP level 5. HP: 28/37 MP: 6/6
  2725 | D:4      | Noticed an ogre
  2728 | D:4      | Slain by an ogre

Vault maps used:
D:1:      saegor_arrival_miasma, minmay_misc_feat_x, minmay_misc_feat_plants,
          tso_altar
D:2:      minmay_door_path, lightli_temple_of_fire, lemuel_crystal_altar,
          serial_glass, glass_columns_b, glass_columns_a, glass_columns_a,
          glass_columns_a, glass_columns_b, glass_columns_c, glass_columns_c,
          glass_columns_a, glass_columns_b, glass_columns_a, glass_columns_a,
          glass_columns_a, glass_columns_a, glass_columns_b
D:3:      uniq_iyjb, uniq_crazy_yiuf_cottage
D:4:      lemuel_round_altar, old_standard_altar, uniq_pikel

Action                   |  1- 3 |  4- 6 || total
-------------------------+-------+-------++-------
Melee: Long sword        |   151 |   126 ||   277
  Use: Potion            |       |     7 ||     7
  Eat: Chunk             |     3 |     3 ||     6
